 Dungeon Crawl Stone Soup version 0.29.1-15-g9cfb28693d (webtiles) character file.

Game seed: 11693607937117251760

44 mobtown the Grave Robber (level 3, 0/19 HPs)
             Began as a Deep Elf Necromancer on Mar 8, 2023.
             Killed by nerve-wracking pain
             ... invoked by Grinder
              (8 damage)
             ... on level 3 of the Dungeon.
             The game lasted 00:05:42 (1641 turns).

mobtown the Grave Robber (Deep Elf Necromancer)     Turns: 1641, Time: 00:05:42

Health: 0/19       AC:  3    Str:  5    XL:     3   Next: 41%
Magic:  10/10      EV: 12    Int: 27    God:
Gold:   151        SH:  0    Dex: 15    Spells: 8/9 levels left

rFire   . . .      SeeInvis .   d - +0 dagger
rCold   . . .      Faith    .   g - orb {mayhem}
rNeg    . . .      Spirit   .   a - +0 robe
rPois   .          Reflect  .   (no helmet)
rElec   .          Harm     .   (no cloak)
rCorr   .          Rampage  .   (no gloves)
Will    .....                   k - +0 pair of boots
Stlth   ++........              (no amulet)
HPRegen 0.06/turn               e - +6 ring of intelligence
MPRegen 0.12/turn               (no ring)

@: no status effects
A: no striking features
a: no special abilities


You were on level 3 of the Dungeon.
You visited 1 branch of the dungeon, and saw 3 of its levels.

You collected 151 gold pieces.

Inventory:

Hand Weapons
 d - a +0 dagger (weapon)
Armour
 a - a +0 robe (worn)
 g - an orb of mayhem (worn)
 k - a +0 pair of boots (worn)
Jewellery
 e - a +6 ring of intelligence (left hand)
Scrolls
 f - a scroll of immolation {unknown}
 h - 2 scrolls of identify {unknown}
 i - a scroll of amnesia {unknown}
 j - a scroll of fear {unknown}
 l - a scroll of enchant weapon {unknown}
 n - a scroll of summoning {unknown}
Potions
 b - a potion of magic
 c - a potion of brilliance {unknown}
 m - a potion of might {unknown}
 o - a potion of flight {unknown}
 p - a potion of heal wounds {unknown}
 q - a potion of haste {unknown}
 r - a potion of berserk rage {unknown}


   Skills:
 + Level 2.4 Dodging
 + Level 2.6 Stealth
 + Level 3.6 Spellcasting
 * Level 5.9 Necromancy


You had 8 spell levels left.
You knew the following spells:

 Your Spells              Type           Power      Damage    Failure   Level
a - Necrotise             Necr           100%       1d9       1%          1

Your spell library contained the following spells:

 Spells                   Type           Power      Damage    Failure   Level
 Vampiric Draining        Necr           37%        2d8       2%          3
 Animate Dead             Necr           37%        N/A       7%          4
 Agony                    Necr           37%        N/A       21%         5
 Gell's Gravitas          Tloc           4%         N/A       26%         3
 Teleport Other           Tloc           4%         N/A       26%         3
 Summon Ice Beast         Ice/Summ       4%         N/A       63%         4
 Summon Mana Viper        Hex/Summ       4%         N/A       93%         5
 Dispersal                Tloc           2%         N/A       100%        6
 Monstrous Menagerie      Summ           2%         N/A       100%        7


Dungeon Overview and Level Annotations

Branches:
Dungeon (3/15)

Altars:

Shops:
D:2 (

Annotations:
D:3 Grinder


Message History

Casting: Necrotise (safe; 1% risk of failure)
Confirm with . or Enter, or press ? or * to list all spells.
Aiming: Necrotise (safe; 1% risk of failure)
Press: ? - help, Shift-Dir - straight line, f/p - adder
Aim: an adder (severely wounded, chance to affect: 88%)
The adder writhes in agony.
You kill the adder!
The dead are slithering!
Your adder skeleton crumbles into dust!
You see here a +0 leather armour.
There is a stone staircase leading down here.
Found 4 poisoned darts.
You now have 151 gold pieces (gained 4).
You open the door.
There is an open door here.
r - a murky orange potion Done exploring.
Done exploring.
There is a stone staircase leading down here.
You climb downwards.
There is a stone staircase leading up here.
Found a stone staircase leading down.
Found 7 stones.
A goblin comes into view. It is wielding a +0 club.
Grinder comes into view.
Grinder shouts!
The goblin shouts!
Casting: Necrotise (safe; 1% risk of failure)
Confirm with . or Enter, or press ? or * to list all spells.
Aiming: Necrotise (safe; 1% risk of failure)
Press: ? - help, Shift-Dir - straight line, f - goblin
Aim: a goblin, wielding a +0 club (chance to affect: 93%)
The goblin writhes in agony!
You kill the goblin!
The dead are walking!
Grinder gestures at you. Pain shoots through your body!
Ouch! That really hurt!
Grinder gestures at you. Pain shoots through your body!
You die...

#.>.###...####
............#
#........8.#
#..........#
####.......####
#..........#
#.8........###
#.....5......#
####...###.@.#
#.⌠.# #...#
#...# #####
#...# Z.Z...#
.......##
....... .......
#.#####


You could see Grinder.

Vanquished Creatures
  An adder (D:2)
  6 bats
  2 endoplasms
  A giant cockroach (D:2)
  5 goblins
  3 hobgoblins (D:2)
  4 jackals (D:2)
  2 ball pythons
  2 frilled lizards
  A kobold (D:2)
  3 rats
30 creatures vanquished.

Vanquished Creatures (collateral kills)
  A frilled lizard (D:2)
1 creature vanquished.

Grand Total: 31 creatures vanquished

Notes
Turn   | Place    | Note
-------+----------+-------------------------------------------
     0 | D:1      | mobtown the Deep Elf Necromancer began the quest for the
                  | Orb.
     0 | D:1      | Reached XP level 1. HP: 10/10 MP: 6/6
    54 | D:1      | Reached skill level 5 in Necromancy
   535 | D:1      | Reached XP level 2. HP: 15/15 MP: 6/8
   851 | D:2      | Found Timmyq's Antique Weapon Boutique.
  1200 | D:2      | Reached XP level 3. HP: 19/19 MP: 6/9
  1631 | D:3      | Noticed Grinder
  1641 | D:3      | Killed from afar by Grinder

Illustrated notes

Levels and vault maps discovered:
D:1:      spicycebolla_green_bress_n_ham_2, layout_basic,
          nicolae_concentric_dashed_squares_wild, bh_walls_and_bars
D:2:      layout_basic, serial_shops, shop
D:3:      layout_basic, nicolae_elevator_lobby_asterisk, uniq_grinder

Skill      XL: |  1 |
---------------+----+-----
Necromancy     | 5 |  5.9
Dodging        | |  2.4
Stealth        | |  2.6
Spellcasting   | |  3.6

Action                   || total
-------------------------++-------
 Cast: Necrotise         ||    48
Armor: Robe              ||     1
Dodge: Dodged            ||     5
